 Dungeon Crawl Stone Soup version 0.30.1-4-g462c640d31 (webtiles) character file.

Game seed: 12657450672664939121

16 H0rd4k the Charlatan (level 2, 0/18 HPs)
             Began as an Octopode Artificer on Aug 17, 2023.
             Succumbed to an adder's poison
             ... on level 2 of the Dungeon.
             The game lasted 00:01:15 (658 turns).

H0rd4k the Charlatan (Octopode Artificer)            Turns: 658, Time: 00:01:16

Health: 0/18       AC:  1    Str: 17    XL:     2   Next: 58%
Magic:  2/2        EV: 13    Int: 13    God:
Gold:   50         SH:  0    Dex: 12    Spells: 1/1 levels left

rFire   . . .        (no weapon)
rCold   . . .        (no shield)
rNeg    . . .        (helmet restricted)
rPois   .            (no amulet)
rElec   .            n - +6 ring of strength
rCorr   .            (no ring)
SInv    .            (no ring)
Will    .....        (no ring)
Stlth   +++          (no ring)
HPRegen 0.23/turn    (no ring)
MPRegen 0.08/turn    (no ring)
                     (no ring)

%: no passive effects
@: lethally poisoned (0 -> -1)
A: almost no armour, amphibious, 8 rings, camouflage 1, gelatinous body 1,
(nimble swimmer 1), tentacles
a: no special abilities


You were on level 2 of the Dungeon.
You visited 1 branch of the dungeon, and saw 2 of its levels.

You collected 50 gold pieces.

Inventory:

Hand Weapons
 l - a +2 dagger of venom
Missiles
 i - 4 poisoned darts
Jewellery
 n - a +6 ring of strength (left tentacle)
Wands
 b - a wand of flame (14) (quivered)
 c - a wand of charming (11)
 d - a wand of iceblast (5)
Scrolls
 a - a scroll of noise {unknown}
 f - 2 scrolls of poison {unknown}
 h - a scroll of identify {unknown}
 k - a scroll of enchant armour {unknown}
 m - a scroll of vulnerability {unknown}
 o - a scroll of amnesia {unknown}
Potions
 e - a potion of flight {unknown}
 g - a potion of brilliance {unknown}
 j - a potion of resistance {unknown}


   Skills:
 + Level 1.0 Fighting
 + Level 2.7 Dodging
 - Level 1.3 Stealth
 + Level 0.6 Unarmed Combat
 + Level 3.7 Evocations


You had one spell level left.
You didn't know any spells.
Your spell library contained the following spells:

 Spells                   Type           Power      Damage    Failure   Level
 Blink                    Tloc           0%         N/A       43%         2
 Manifold Assault         Tloc           0%         N/A       97%         4
 Conjure Ball Lightning   Conj/Air       0%         3x3d6     100%        6
 Storm Form               Tmut/Air       0%         N/A       100%        7
 Discord                  Hex            0%         N/A       100%        8
 Disjunction              Tloc           0%         N/A       100%        8


Dungeon Overview and Level Annotations

Branches:
Dungeon (2/15)

Altars:


Innate Abilities, Weirdness & Mutations

You cannot wear most types of armour.
You are amphibious.
You can wear up to eight rings at the same time.
Your skin changes colour to match your surroundings (Stealth+).
Your rubbery body absorbs attacks. (AC +1, EV +1)
((You are camouflaged when in or above water. (Stealth+)))
You have tentacles for arms and can constrict up to eight enemies at once.


Message History

You tentacle-slap the hobgoblin. You grab the hobgoblin.
The hobgoblin is moderately wounded.
You constrict the hobgoblin, but do no damage.
The hobgoblin struggles to escape constriction.
You tentacle-slap the hobgoblin but do no damage.
You squeeze the hobgoblin.
You kill the hobgoblin!
You tentacle-slap the adder but do no damage.
Your grab misses the adder. The adder closely misses you. The adder bites you.
You are poisoned.
The adder poisons you!
Aiming: Charm
Press: ? - help, Shift-Dir - straight line, f - adder
Aim: an adder (chance to affect: 67%)
The adder struggles to resist.
You feel sick. The adder bites you.
Unknown command.
Aiming: Charm
Press: ? - help, Shift-Dir - straight line, f/p - adder
Aim: an adder (chance to affect: 67%)
The adder struggles to resist.
You feel sick. The adder bites you.
Unknown command.
Aiming: Charm
Press: ? - help, Shift-Dir - straight line, f/p - adder
Aim: an adder (chance to affect: 67%)
The adder struggles to resist.
You feel sick. The adder bites you.
* * * LOW HITPOINT WARNING * * *
The adder misses you.
Unknown command.
Aiming: Throw Flame
Press: ? - help, Shift-Dir - straight line, f/p - adder
Aim: an adder (53% to hit)
The puff of flame hits the adder.
The adder is heavily wounded.
* * * LOW HITPOINT WARNING * * *
You feel sick. The adder barely misses you.
Aiming: Charm
Press: ? - help, Shift-Dir - straight line, f/p - adder
Aim: an adder (heavily wounded, chance to affect: 67%)
The adder is charmed.
You die...

.. .## ... ..## #.## #..#
#... #..## #....#$..#
#...r#...# #?.wgS...## #.
#@...# #. #....# .# #.
..####....#...## #.
.........$...... #.##
#######.##########
.#####.#######....#..##....#
......<..............).....#
.......#####...#######...####
.####..#####.### ##†....#####


You could see a worm, a hobgoblin, a rat and a friendly adder (charmed).

Vanquished Creatures
  A dart slug (D:2)
  A bat (D:1)
  A giant cockroach (D:1)
  2 goblins (D:1)
  A hobgoblin (D:2)
  2 ball pythons
  A frilled lizard (D:1)
  4 kobolds
  2 rats (D:1)
15 creatures vanquished.

Notes
Turn   | Place    | Note
-------+----------+-------------------------------------------
     0 | D:1      | H0rd4k the Octopode Artificer began the quest for the Orb.
     0 | D:1      | Reached XP level 1. HP: 13/13 MP: 1/1
   223 | D:1      | Reached XP level 2. HP: 15/18 MP: 2/2
   658 | D:2      | Succumbed to an adder's poison

Illustrated notes

Levels and vault maps discovered:
D:1:      co_arrival_square_in_a_square_in_a_square, layout_rooms,
          eino_curves_02
D:2:      minmay_recursive_quarters, layout_rooms

Action                     || total
---------------------------++-------
  Melee: Unarmed           ||    35
         Constrict         ||    11
         Tentacles         ||     6
  Evoke: Wand              ||     5
   Stab: Sleeping          ||     3
 Armour: Skin              ||     2
  Dodge: Dodged            ||    20
